 Dungeon Crawl Stone Soup version 0.28.0-43-g3370ac3207 (webtiles) character file.

Game seed: 14599191650139387919

123 mortz the Slasher (level 5, -4/41 HPs)
             Began as a Human Monk on Mar 27, 2022.
             Slain by a river rat (5 damage)
             ... in a sewer.
             The game lasted 00:12:34 (2970 turns).

mortz the Slasher (Human Monk)                      Turns: 2970, Time: 00:12:34

Health: -4/41      AC:  8    Str: 13    XL:     5   Next: 29%
Magic:  5/5        EV:  6    Int: 11    God:
Gold:   30         SH:  0    Dex: 15    Spells: 4/4 levels left

rFire   . . .      SeeInvis .   a - +0 falchion {long}
rCold   . . .      Faith    .   (no shield)
rNeg    . . .      Spirit   .   o - +0 chain mail
rPois   .          Reflect  .   (no helmet)
rElec   .          Harm     .   (no cloak)
rCorr   .          Rampage  .   (no gloves)
Will    .....                   (no boots)
Stlth   ..........              (no amulet)
HPRegen 0.13/turn               (no ring)
MPRegen 0.09/turn               (no ring)

@: no status effects
A: no striking features
a: no special abilities


You were in a sewer.
You visited 1 branch of the dungeon, and saw 3 of its levels.
You also visited: Sewer.

You collected 30 gold pieces.


   Skills:
 + Level 3.6 Fighting
 + Level 4.0 Long Blades
 + Level 0.8 Throwing
 + Level 1.7 Armour
 + Level 3.5 Dodging
 + Level 2.2 Stealth


You had 4 spell levels left.
You didn't know any spells.
Your spell library was empty.

Inventory:

Hand Weapons
 a - a +0 falchion (weapon) {long}
Missiles
 c - 69 arrows
 d - a boomerang (quivered) {throwing}
 f - 3 poisoned darts {throwing}
 g - 39 stones {throwing}
Armour
 o - a +0 chain mail (worn)
   (You found it on level 3 of the Dungeon)
Scrolls
 b - a scroll of silence {unknown}
 e - a scroll of immolation {unknown}
 m - a scroll of noise {unknown}
 n - a scroll of enchant armour {unknown}
Potions
 h - 2 potions of lignification {unknown}
 i - a potion of degeneration {unknown}
 j - a potion of resistance {unknown}
 k - a potion of heal wounds {unknown}
 l - a potion of brilliance {unknown}
 p - a potion of curing {unknown}

Dungeon Overview and Level Annotations

Branches:
Dungeon (3/15)              Sewer (1/1)

Altars:

### ##.######.#
##.#†#.r.r# ##.#.#†#
##.#####.#
###############r########
≈.≈≈≈≈..†≈≈≈≈≈≈≈@≈..≈≈.≈
≈≈.≈..≈≈≈≈≈≈≈≈≈.†.≈≈..≈≈
########################
# ## .# .#


You could see a river rat.


Message History

You kill the ball python!
You enter the shallow water.
Moving in this stuff is going to be slow. 2 rats come into view.
The rat bites you.
You hit the rat.
You kill the rat! 😕 HP[+1]
You barely miss the rat. The rat barely misses you.
You hit the rat.
You kill the rat!
You see here a rat corpse. 2 river rats come into view. 😎 HP[+1]
Your hp is fully restored (41).
You see here a rat corpse.
You barely miss the river rat.
The river rat bites you but does no damage.
You closely miss the river rat.
The river rat bites you but does no damage.
You hit the river rat but do no damage. The river rat barely misses you.
You closely miss the river rat.
The river rat bites you but does no damage.
You closely miss the river rat.
The river rat bites you but does no damage.
You closely miss the river rat. The river rat bites you. 😕 HP[-5]
You take 5 damage, and now have 36/41 hp.
You hit the river rat. The river rat barely misses you.
The river rat bites you but does no damage.
You closely miss the river rat. The river rat bites you! 😮 HP[-7]
You take 7 damage, and now have 29/41 hp.
You hit the river rat but do no damage. The river rat bites you. 😮 HP[-4]
You take 4 damage, and now have 25/41 hp.
You barely miss the river rat.
The river rat bites you but does no damage.
You closely miss the river rat.
The river rat bites you but does no damage. 😮 HP[+1]
You closely miss the river rat.
The river rat bites you but does no damage.
You hit the river rat.
The river rat bites you but does no damage.
You hit the river rat. The river rat barely misses you.
You closely miss the river rat. The river rat closely misses you.
You slash the river rat!
You kill the river rat!
Your Long Blades skill increases to level 4!
You hit the river rat but do no damage. The river rat bites you. 😮 HP[-4]
You take 4 damage, and now have 22/41 hp.
You barely miss the river rat. The river rat bites you.
* * * LOW HITPOINT WARNING * * *
The river rat bites you but does no damage. 😨 HP[-5]
You take 5 damage, and now have 17/41 hp.
You closely miss the river rat. The river rat bites you.
* * * LOW HITPOINT WARNING * * *
😨 HP[-3]
You take 3 damage, and now have 14/41 hp.
You closely miss the river rat. The river rat barely misses you.
You hit the river rat but do no damage. The river rat bites you.
* * * LOW HITPOINT WARNING * * *
😨 HP[-2]
You take 2 damage, and now have 12/41 hp.
You barely miss the river rat. The river rat bites you.
* * * LOW HITPOINT WARNING * * *
😱 HP[-3]
You take 3 damage, and now have 9/41 hp. 😱 HP[+1]
You enter the shallow water.
Moving in this stuff is going to be slow.
The river rat bites you but does no damage.
You hit the river rat.
The river rat bites you but does no damage.
You slash the river rat!
The river rat bites you but does no damage.
You hit the river rat but do no damage.
The river rat bites you but does no damage.
You closely miss the river rat. The river rat bites you.
* * * LOW HITPOINT WARNING * * *
😱 HP[-1]
You take 1 damage, and now have 9/41 hp.
You closely miss the river rat. The river rat bites you.
* * * LOW HITPOINT WARNING * * *
😱 HP[-2]
You take 2 damage, and now have 7/41 hp.
You hit the river rat but do no damage. The river rat bites you.
* * * LOW HITPOINT WARNING * * *
😱 HP[-4]
You take 4 damage, and now have 3/41 hp.
You closely miss the river rat. The river rat bites you.
* * * LOW HITPOINT WARNING * * *
😱 HP[-2]
You take 2 damage, and now have 1/41 hp.
You hit the river rat but do no damage. The river rat barely misses you.
You hit the river rat. The river rat bites you.
You die...

Skill      XL: |  1  2  3  4  5 |
---------------+----------------+-----
Armour         | 1 |  1.7
Long Blades    | 4 |  4.0
Fighting       | |  3.6
Throwing       | |  0.8
Dodging        | |  3.5
Stealth        | |  2.2

Action                   |  1- 3 |  4- 6 || total
-------------------------+-------+-------++-------
Melee: Falchion          |    88 |   127 ||   215
       Punch             |       |     1 ||     1
Throw: Boomerang         |    17 |     4 ||    21
Armor: Leather armour    |     5 |       ||     5
       Robe              |     2 |       ||     2
       Ring mail         |    11 |     4 ||    15
       Chain mail        |       |    50 ||    50
Dodge: Dodged            |    60 |    31 ||    91

Levels and vault maps discovered:
D:1:      saegor_arrival_under_anarchy, layout_loops_corners,
          ebering_ecumenical_altar_box
D:2:      layout_basic
D:3:      layout_loops_cross, cheibrodos_sewer_entry_bend, cheibrodos_gnoll_hut
Sewer:    sewer_co_cracked_pipes

Notes
Turn   | Place    | Note
-------+----------+-------------------------------------------
     0 | D:1      | mortz the Human Monk began the quest for the Orb.
     0 | D:1      | Reached XP level 1. HP: 18/18 MP: 1/1
     0 | D:1      | magus.rc [v1.9.6]
   225 | D:1      | Reached XP level 2. HP: 21/24 MP: 2/2
   473 | D:1      | Found a faded altar of an unknown god.
  1088 | D:2      | Reached XP level 3. HP: 28/29 MP: 3/3
  1593 | D:2      | Reached XP level 4. HP: 35/35 MP: 4/4
  2232 | D:3      | Found a glowing drain.
  2255 | Sewer    | Entered a sewer
  2442 | Sewer    | Reached skill level 1 in Armour
  2502 | Sewer    | Reached XP level 5. HP: 10/41 MP: 5/5
  2950 | Sewer    | Reached skill level 4 in Long Blades
  2955 | Sewer    | HP: 9/41 [river rat (3)]
  2965 | Sewer    | HP: 9/41 [river rat (2)]
  2967 | Sewer    | HP: 3/41 [river rat (4)]
  2968 | Sewer    | HP: 1/41 [river rat (2)]
  2970 | Sewer    | Slain by a river rat

Vanquished Creatures
  4 river rats (Sewer)
  3 adders
  2 worms
  6 ball pythons
  3 bats
  2 endoplasms
  2 giant cockroaches
  4 goblins
  3 hobgoblins
  7 jackals
  2 kobolds (D:2)
  A quokka (D:2)
  9 frilled lizards
  8 rats
56 creatures vanquished.

Table legend:
 A = Non-vault XP
 B = Vault XP
 C = Vault XP percentage of total XP
 D = Non-vault monster count
 E = Vault monster count
 F = Vault count percentage of total count
                 A         B        C        D         E       F
            +---------+---------+-------+---------+---------+-------
      Total |      92 |      85 |  48.0 |      40 |      16 |  28.6
            +---------+---------+-------+---------+---------+-------
        D:1 |      25 |       0 |   0.0 |      16 |       0 |   0.0
        D:2 |      48 |       0 |   0.0 |      19 |       0 |   0.0
        D:3 |      19 |       5 |  20.8 |       5 |       1 |  16.7
      Sewer |       0 |      80 | 100.0 |       0 |      15 | 100.0
            +---------+---------+-------+---------+---------+-------

Illustrated notes

Table legend:
 A = Kills in this place as a percentage of kills in entire the game.
 B = Kills by you in this place as a percentage of kills by you in the entire game.
 C = Kills by friends in this place as a percentage of kills by friends in the entire game.
 D = Other kills in this place as a percentage of other kills in the entire game.
 E = Experience gained in this place as a percentage of experience gained in the entire game.
 F = Experience gained in this place divided by the number of levels of this place that you have seen.
                   A       B       C       D       E      F
               +-------+-------+-------+-------+-------+----------------------
         Total | 100.0 | 100.0 |   N/A |   N/A | 100.0 |  44.2
       Dungeon |  73.2 |  73.2 |   N/A |   N/A |  54.8 |  32.3
         Sewer |  26.8 |  26.8 |   N/A |   N/A |  45.2 |  80.0
               +-------+-------+-------+-------+-------+----------------------

Table legend: (Time is in decaauts)
 A = Elapsed time spent in this place.
 B = Non-inter-level travel time spent in this place.
 C = Inter-level travel time spent in this place.
 D = Time resting spent in this place.
 E = Time spent auto-exploring this place.
 F = Levels seen in this place.
 G = Mean time per level.
                   A        B        C        D        E       F      G
               +--------+--------+--------+--------+--------+-----+--------+
         Total |   3026 |   2866 |    160 |    462 |   1688 |   4 |  756.5 |
       Dungeon |   2281 |   2121 |    160 |     48 |   1543 |   3 |  760.3 |
         Sewer |    744 |    744 |      0 |    414 |    145 |   1 |  744.0 |
               +--------+--------+--------+--------+--------+-----+--------+

Top non-repeatable levels by time:
     D:2: 1011 daAuts
     D:1: 953 daAuts
   Sewer: 744 daAuts
     D:3: 316 daAuts
